 Dungeon Crawl Stone Soup version 0.26-b1-32-g5d43845318 (webtiles) character file.

Game seed: 969527545585685779

1433 MajorAdolf the Cleaver (level 8, 0/103 HPs)
             Began as a Naga Wanderer on Jan 8, 2021.
             Slain by Harold
             ... wielding a +0 trident
              (2 damage)
             ... on level 7 of the Dungeon.
             The game lasted 00:08:27 (7941 turns).

MajorAdolf the Cleaver (Naga Wanderer)              Turns: 7941, Time: 00:08:27

Health: 0/103      AC:  7    Str: 15    XL:     8   Next: 73%
Magic:  9/9        EV:  8    Int: 17    God:
Gold:   327        SH:  0    Dex: 14    Spells: 9/9 levels left

rFire    . . .     SeeInvis +   u - +0 war axe
rCold    . . .     Faith    .   (no shield)
rNeg     . . .     Spirit   .   r - +0 ring mail (curse)
rPois    +         Reflect  .   s - +1 helmet
rElec    .         Harm     .   (no cloak)
rCorr    .         Rampage  .   (no gloves)
Will     +....                  (no barding)
Stlth    ..........             (no amulet)
HPRegen  0.27/turn              (no ring)
MPRegen  0.11/turn              o - +6 ring of intelligence

@: berserking (expiring), marked, quick
A: large, see invisible, deformed body, poison resistance, slowness 2, spit
poison 1, AC +2
a: Spit Poison


You were on level 7 of the Dungeon.
You visited 1 branch of the dungeon, and saw 7 of its levels.

You collected 327 gold pieces.

Inventory:

Hand Weapons
 h - a +0 hand axe of venom
 u - a +0 war axe (weapon)
Armour
 n - a +0 scale mail
 p - a +0 chain mail
 r - a cursed +0 ring mail (worn)
 s - a +1 helmet (worn)
Jewellery
 o - a +6 ring of intelligence (right hand)
Wands
 a - a wand of flame (18)
 b - a wand of paralysis (4)
Scrolls
 e - 7 scrolls of identify
 f - a scroll of enchant armour
 i - a scroll of magic mapping {unknown}
 j - 5 scrolls of remove curse {unknown}
 q - 4 scrolls of immolation
 v - 2 scrolls of fear {unknown}
 y - a scroll of vulnerability {unknown}
Potions
 c - a potion of berserk rage
 d - a potion of mutation {unknown}
 g - 2 potions of degeneration
 k - a potion of invisibility
 l - a potion of haste
 m - 2 potions of might
 x - a potion of cancellation {unknown}


   Skills:
 - Level 3.2 Fighting
 + Level 9.9 Axes
 - Level 1.0 Throwing
 - Level 1.0 Dodging
 - Level 5.8 Stealth
 - Level 1.0 Spellcasting
 - Level 1.0 Transmutations
 - Level 1.0 Earth Magic


You had 9 spell levels left.
You didn't know any spells.
Your spell library contained the following spells:

 Spells                   Type           Power        Failure   Level
 Sting                    Tmut/Pois      8%           34%         1
 Ignite Poison            Fire/Tmut/Pois 1%           73%         3


Dungeon Overview and Level Annotations

Branches:
Dungeon (7/15)             Temple (0/1) D:6

Altars:
Elyvilon
Vehumet
Wu Jian

Annotations:
D:4 Natasha
D:7 Harold


Innate Abilities, Weirdness & Mutations

You cannot wear boots.
Your serpentine skin is tough. (AC +2)
You have supernaturally acute eyesight. (SInv)
Armour fits poorly on your strangely shaped body.
Your system is resistant to poisons. (rPois)
You cover ground very slowly.
You can spit poison.


Message History

You hit the ufetubus.
You kill the ufetubus!
The gnoll hits you from afar with a +0 halberd!
* * * LOW HITPOINT WARNING * * *
The gnoll closely misses you.
You see here a +0 spear.
You slash the gnoll!
The gnoll is heavily wounded.
You hit the gnoll.
The gnoll is almost dead.
The gnoll hits you with a +0 halberd.
* * * LOW HITPOINT WARNING * * *
You slash the gnoll!
You kill the gnoll!
You slash the centaur!
The centaur is heavily wounded.
The centaur unwields a +0 shortbow.
The centaur hits you!
* * * LOW HITPOINT WARNING * * *
Harold hits you from afar with a +0 trident.
You die...

######.######
..##
#≈≈.........#
#@##
#≈≈≈.(.(....#
#(##
#≈≈≈....._).#
c##...
#≈≈≈...(.♣..#
. ......
#≈≈≈≈.......#
.....#..
#≈≈.........#
##..#.c
#≈≈.........#
#....>(
##########@##
.....### #c#
.[... #@# . .
#.g ###


You could see Harold, a centaur and a gnoll.

Vanquished Creatures
  Menkaure (D:5)
  Edmund (D:5)
  2 water moccasins
  An ice beast (D:5)
  2 sky beasts
  A scorpion (D:5)
  A crimson imp (D:6)
  A hound (D:6)
  A jelly (D:6)
  An orc priest (D:5)
  7 orc wizards
  3 worker ants
  Natasha (D:4)
  A killer bee zombie (D:5)
  3 adders
  6 gnolls
  A white imp (D:6)
  An ufetubus (D:7)
  An adder skeleton (D:6)
  3 dart slugs
  5 leopard geckos
  24 orcs
  7 giant cockroaches
  11 goblins
  4 hobgoblins (D:1)
  4 jackals (D:4)
  7 kobolds
  2 quokkas
  A ball python (D:2)
  9 bats
  6 frilled lizards
  2 leopard gecko skeletons
  A quokka skeleton (D:5)
  6 rats
128 creatures vanquished.

Notes
Turn   | Place    | Note
-------+----------+-------------------------------------------
     0 | D:1      | MajorAdolf the Naga Wanderer began the quest for the Orb.
     0 | D:1      | MajorAdolf set off with the following items: a +2 dagger, a
                  | potion of heal wounds, a +0 short sword, a +0 robe; and the
                  | following spell memorised: Sting; and the following spells
                  | available to memorise: Ignite Poison
     0 | D:1      | Reached XP level 1. HP: 18/18 MP: 2/2
    54 | D:1      | Reached XP level 2. HP: 5/26 MP: 3/3
   948 | D:1      | Reached XP level 3. HP: 25/33 MP: 4/4
  1523 | D:2      | Found a radiant altar of Vehumet.
  1793 | D:2      | Reached skill level 1 in Axes
  1972 | D:2      | Reached XP level 4. HP: 42/42 MP: 5/5
  1993 | D:2      | Reached skill level 2 in Axes
  2782 | D:3      | Reached skill level 3 in Axes
  2782 | D:3      | Reached XP level 5. HP: 17/49 MP: 6/6
  3692 | D:3      | Reached skill level 4 in Axes
  4501 | D:4      | Found a white marble altar of Elyvilon.
  4526 | D:4      | Noticed Natasha
  4533 | D:4      | Killed Natasha
  4534 | D:4      | Reached XP level 6. HP: 42/56 MP: 7/7
  4658 | D:4      | Noticed Natasha
  4659 | D:5      | Entered Level 5 of the Dungeon
  5006 | D:5      | Noticed Edmund
  5012 | D:5      | Reached skill level 5 in Axes
  5042 | D:5      | Killed Edmund
  5043 | D:5      | Reached skill level 6 in Axes
  5043 | D:5      | Reached XP level 7. HP: 25/62 MP: 0/8
  5568 | D:5      | Noticed Menkaure
  5834 | D:5      | Reached skill level 7 in Axes
  6189 | D:5      | Killed Menkaure
  6190 | D:5      | Reached skill level 8 in Axes
  6190 | D:5      | Reached XP level 8. HP: 69/69 MP: 9/9
  7029 | D:6      | Reached skill level 9 in Axes
  7793 | D:6      | Found a staircase to the Ecumenical Temple.
  7900 | D:7      | Noticed Harold
  7913 | D:7      | Found an ornate altar of the Wu Jian Council.
  7941 | D:7      | HP: 2/103 [centaur (8)]
  7941 | D:7      | Slain by Harold

Illustrated notes

Levels and vault maps discovered:
D:1:      minmay_arrival_checkered_box, layout_basic
D:2:      layout_basic, vehumet_crystals, kennysheep_generic_room_14
D:3:      layout_basic
D:4:      layout_loops_corners, kennysheep_mini_moat, uniq_natasha
D:5:      layout_basic, uniq_edmund, uniq_menkaure
D:6:      layout_cave_pools, minmay_temple_entry_antechambers,
          minmay_fire_ice_demons
D:7:      layout_rooms, nzn_wu_jian_contemplation, zin_statuary,
          nicolae_overflow_hidden_temple, minmay_starry_boxes, uniq_harold

Skill      XL: |  1  2  3  4  5  6  7  8 |
---------------+-------------------------+-----
Fighting       | 2 3 |  3.2
Axes           | 1 3 4 6 8 9 |  9.9
Throwing       | |  1.0
Dodging        | |  1.0
Stealth        | |  5.8
Spellcasting   | |  1.0
Transmutations | |  1.0
Earth Magic    | |  1.0

Action                   |  1- 3 |  4- 6 |  7- 9 || total
-------------------------+-------+-------+-------++-------
Melee: Dagger            |    65 |       |       ||    65
       Hand axe          |    27 |   106 |    22 ||   155
       War axe           |       |    72 |   161 ||   233
 Cast: Sting             |       |     3 |       ||     3
 Abil: Spit Poison       |     5 |    21 |     6 ||    32
Evoke: Wand              |       |       |     4 ||     4
  Use: Potion            |       |     1 |     4 ||     5
       Scroll            |       |    11 |     3 ||    14
 Stab: Sleeping          |    17 |     3 |     1 ||    21
Armor: Robe              |    16 |    24 |       ||    40
       Ring mail         |       |    60 |    70 ||   130
       Skin              |       |       |    15 ||    15
Dodge: Dodged            |    34 |   108 |    89 ||   231
